 Dungeon Crawl Stone Soup version 0.26-a0-30-g56b8cd3df0 (webtiles) character file.

Game seed: 14050856461792179664, levelgen mode: deterministic

16 kae the Sneak (level 2, 0/13 HPs)
             Began as a Spriggan Enchanter on May 29, 2020.
             Slain by Robin
             ... wielding a +0 club
              (2 damage)
             ... on level 1 of the Dungeon.
             The game lasted 00:01:15 (1654 turns).

kae the Sneak (Spriggan Enchanter)                  Turns: 1654, Time: 00:01:16

Health: 0/13       AC:  3    Str:  4    XL:     2   Next: 41%
Magic:  1/7        EV: 18    Int: 16    God:
Gold:   30         SH:  0    Dex: 16    Spells: 4/7 levels left

rFire    . . .     SeeInvis +   a - +1 dagger
rCold    . . .     Gourm    .   (shield restricted)
rNeg     . . .     Faith    .   b - +0 robe
rPois    .         Spirit   .   (helmet restricted)
rElec    .         Reflect  .   g - +0 cloak
rCorr    .         Harm     .   (gloves unavailable)
MR       .....                  (boots unavailable)
Stlth    +++.......             (no amulet)
HPRegen  0.04/turn              (no ring)
MPRegen  0.10/turn              (no ring)

@: very slightly contaminated, very quick
A: very small, unfitting armour, see invisible, herbivore, speed 3, slow
metabolism 2
a: no special abilities


You were on level 1 of the Dungeon.
You were not hungry.

You visited 1 branch of the dungeon, and saw 2 of its levels.

You collected 30 gold pieces.

Inventory:

Hand Weapons
 a - a +1 dagger (weapon)
Armour
 b - a +0 robe (worn)
 g - a +0 cloak (worn)
Scrolls
 e - a scroll of blinking {unknown}
 i - a scroll of fog {unknown}
Potions
 c - 3 potions of magic
 f - a potion of resistance {unknown}
 h - a potion of flight {unknown}
Comestibles
 d - 5 rations


   Skills:
 * Level 1.9 Short Blades
 - Level 3.0 Dodging
 + Level 4.7 Stealth
 + Level 3.0 Spellcasting
 + Level 3.8 Hexes


You had 4 spell levels left.
You knew the following spells:

 Your Spells              Type           Power        Failure   Level  Hunger
a - Corona                Hex            ##.....      3%          1    #......
b - Ensorcelled Hibernat  Hex/Ice        #.....       13%         2    ##.....

Your spell library contained the following spells:

 Spells                   Type           Power        Failure   Level  Hunger
 Confusing Touch          Hex            ##......     12%         3    ###....
 Tukima's Dance           Hex            ##......     12%         3    ###....
 Dazzling Flash           Conj/Hex       #.....       26%         3    ###....


Dungeon Overview and Level Annotations

Branches:
Dungeon (2/15)

Altars:

Annotations:
D:1 Robin


Innate Abilities, Weirdness & Mutations

You are very small and have problems with some larger weapons.
You are too small for most types of armour.
You have supernaturally acute eyesight. (SInv)
You are a herbivore.
You cover ground extremely quickly.
You need to consume almost no food.


Message History

Aiming: Ensorcelled Hibernation (safe; 13% risk of failure)
Press: ? - help, Shift-Dir - straight line, f - Robin
Aim: Robin, wielding a +0 club, wearing a +0 animal skin and wearing a +0 helmet (chance to defeat MR: 49%) Robin resists with some effort.
Casting: Ensorcelled Hibernation (safe; 13% risk of failure)
Confirm with . or Enter, or press ? or * to list all spells.
Aiming: Ensorcelled Hibernation (safe; 13% risk of failure)
Press: ? - help, Shift-Dir - straight line, f/p - Robin
Aim: Robin, wielding a +0 club, wearing a +0 animal skin and wearing a +0 helmet (chance to defeat MR: 49%)
You miscast Ensorcelled Hibernation.
You are very lightly contaminated with residual magic.
Nothing appears to happen.
Robin hits you with a +0 club.
* * * LOW HITPOINT WARNING * * *
Casting: Ensorcelled Hibernation (safe; 13% risk of failure)
Confirm with . or Enter, or press ? or * to list all spells.
Aiming: Ensorcelled Hibernation (safe; 13% risk of failure)
Press: ? - help, Shift-Dir - straight line, f/p - Robin
Aim: Robin, wielding a +0 club, wearing a +0 animal skin and wearing a +0 helmet (chance to defeat MR: 49%) Robin resists with some effort.
Robin hits you with a +0 club.
You die...

#....# #.# #.....#.# ####.# #.#
#.###.#.# #...# #.# #.# #.#.#
##.##### #.# #.# #.#.# #......#
#.## #.# #.#(# ##..##.# #..###.#
#.#.# #..##.# ##.....# #.#.#
####..##.# ####..##.# #.#.#
#........#####.g@..##.###.#.#
........#...##.###.##.....###
#.....#.#.#.##.#
#.##.###########
##......#.#.##.#
#..#.#..........
#.##.#.#.#..#.####.#.#.#......##
#.##.###.####.#.g....#...####.##
#.##...#.# #.#.##...###### #.#.
##.####.#.# #g#g#...>.....# #.#.
##.#....#.# #.#g#..######.###.#.


You could see Robin.

Vanquished Creatures
  An ooze (D:2)
  4 goblins
  2 hobgoblins (D:1)
  2 kobolds (D:1)
  2 frilled lizards
  A rat (D:2)
12 creatures vanquished.

Notes
Turn   | Place    | Note
-------+----------+-------------------------------------------
     0 | D:1      | kae the Spriggan Enchanter began the quest for the Orb.
     0 | D:1      | Reached XP level 1. HP: 9/9 MP: 5/5
  1363 | D:2      | Reached XP level 2. HP: 13/13 MP: 6/6
  1367 | D:2      | Learned a level 2 spell: Ensorcelled Hibernation
  1522 | D:2      | Noticed Robin
  1654 | D:1      | Slain by Robin

Illustrated notes

Levels and vault maps discovered:
D:1:      dpeg_arrival_connections, layout_basic
D:2:      layout_loops_cross, serial_park_tiny_2, uniq_robin

Skill      XL: |  1  2 |
---------------+-------+-----
Spellcasting   | 3 |  3.0
Short Blades   | |  1.9
Dodging        | |  3.0
Stealth        | |  4.7
Hexes          | |  3.8

Action                   || total
-------------------------++-------
Melee: Dagger            ||    40
 Cast: Corona            ||     9
       Ensorcelled Hiber ||     4
  Use: Scroll            ||     1
 Stab: Sleeping          ||     2
Armor: Robe              ||     2
Dodge: Dodged            ||    23

Table legend:
 A = Non-vault XP
 B = Vault XP
 C = Vault XP percentage of total XP
 D = Non-vault monster count
 E = Vault monster count
 F = Vault count percentage of total count
                 A         B        C        D         E       F
            +---------+---------+-------+---------+---------+-------
      Total |      19 |       5 |  20.8 |       9 |       3 |  25.0
            +---------+---------+-------+---------+---------+-------
        D:1 |      10 |       0 |   0.0 |       6 |       0 |   0.0
        D:2 |       9 |       5 |  35.7 |       3 |       3 |  50.0
            +---------+---------+-------+---------+---------+-------
